 Dungeon Crawl Stone Soup version 0.30.0-5-g1a98f26d00 (webtiles) character file.

Game seed: 11714236557844975268

4400 jlumianski the Cleaver (level 10, -15/79 HPs)
             Began as a Demonspawn Fighter on May 13, 2023.
             Was a Believer of Qazlal.
             Demolished by a death yak (17 damage)
             ... on level 7 of the Dungeon.
             The game lasted 00:33:02 (7581 turns).

jlumianski the Cleaver (Demonspawn Fighter)         Turns: 7581, Time: 00:33:02

Health: -15/79     AC: 18    Str: 27    XL:     10   Next: 13%
Magic:  0/15       EV:  9    Int: 10    God:    Qazlal [**....]
Gold:   50         SH:  7    Dex: 12    Spells: 9/9 levels left

rFire   . . .        F - +0 broad axe (freeze)
rCold   . . .        c - +0 buckler
rNeg    . . .        d - +2 chain mail {Will+}
rPois   .            (helmet unavailable)
rElec   .            (no cloak)
rCorr   .            (no gloves)
SInv    .            (no boots)
Will    ++...        (no amulet) Stlth
                     g - +4 ring of protection
HPRegen 0.33/turn    q - +6 ring of strength
MPRegen 0.28/turn

%: guardian spirit
@: no status effects
A: horns 3, thin metallic scales 1, magic shield, magic regeneration, demonic
magic 1, demonic willpower
a: Renounce Religion, Upheaval


You were on level 7 of the Dungeon.
You worshipped Qazlal.
Qazlal was pleased with you.
You visited 2 branches of the dungeon, and saw 9 of its levels.

You collected 275 gold pieces.
You spent 225 gold pieces at shops.

Inventory:

Hand Weapons
 a - a +0 war axe
 p - a +7 club
 r - a +0 rapier of draining
 F - a +0 broad axe of freezing (weapon)
 J - a +3 flail of protection
 P - a +1 whip of freezing
Missiles
 e - 40 stones
 m - 6 boomerangs (quivered)
 E - 2 throwing nets
 I - 5 atropa-tipped darts
 Q - 2 poisoned darts
Armour
 b - a +0 scale mail
 c - a +0 buckler (worn)
 d - a +2 chain mail of willpower (worn)
 n - a +0 chain mail
 y - a +0 pair of gloves
 S - a scarf of invisibility
Jewellery
 g - a +4 ring of protection (left hand)
 q - a +6 ring of strength (right hand)
 M - a +4 ring of protection
 R - a ring of resist corrosion
Wands
 f - a wand of digging (5)
 j - a wand of acid (5)
 k - a wand of charming (10)
 A - a wand of mindburst (20)
Scrolls
 i - 2 scrolls of poison
 o - a scroll of fear {unknown}
 s - a scroll of amnesia {unknown}
 v - 3 scrolls of teleportation
 w - a scroll of blinking {unknown}
 x - a scroll of noise
 C - a scroll of fog {unknown}
 D - a scroll of immolation
 H - a scroll of enchant armour {unknown}
 N - a scroll of acquirement {unknown}
 O - a scroll of enchant weapon {unknown}
Potions
 h - a potion of magic
 l - a potion of cancellation
 t - a potion of brilliance
 u - a potion of berserk rage
 z - a potion of degeneration
 B - a potion of haste
 G - 3 potions of flight
 L - a potion of attraction


   Skills:
 * Level 7.0 Fighting
 + Level 8.1 Axes
 + Level 0.9 Throwing
 + Level 6.9 Armour
 + Level 2.2 Dodging
 + Level 4.7 Shields
 * Level 6.8 Invocations
 + Level 0.1 Evocations


You had 9 spell levels left.
You didn't know any spells.
Your spell library contained the following spells:

 Spells                   Type           Power      Damage    Failure   Level
 Sandblast                Erth           0%         2d4       88%         1
 Summon Small Mammal      Summ           0%         N/A       88%         1
 Ensorcelled Hibernation  Hex/Ice        0%         N/A       95%         2
 Passwall                 Tmut/Erth      0%         N/A       95%         2
 Call Canine Familiar     Summ           0%         N/A       99%         3
 Ignite Poison            Fire/Tmut/Pois 0%         N/A       99%         3
 Ozocubu's Armour         Ice            0%         N/A       99%         3
 Spider Form              Tmut/Pois      0%         N/A       99%         3
 Stone Arrow              Conj/Erth      0%         3d7       99%         3
 Summon Guardian Golem    Hex/Summ       0%         N/A       99%         3
 Anguish                  Hex/Necr       0%         N/A       100%        4
 Sticky Flame             Conj/Fire      0%         2d3       100%        4
 Ozocubu's Refrigeration  Ice            0%         4d7       100%        7
 Ignition                 Fire           0%         3d3       100%        8


Dungeon Overview and Level Annotations

Branches:
Dungeon (8/15)             Temple (1/1) D:4
   Lair: D:8-11

Altars:
Ashenzari
Dithmenos
Gozag
Hepliaklqana
Kikubaaqudgha
Makhleb
Okawaru
Qazlal
Ru
Uskayaw
Wu Jian
Yredelemnul

Shops:
D:2 *:[?   D:3 (

Annotations:
D:3 2 transporters, VictoriousLee's ghost, amateur DrRe
D:5 2 transporters, Menkaure


Innate Abilities, Weirdness & Mutations

You have a pair of large horns on your head.
You are partially covered in thin metallic scales. (AC +2)
When hurt, damage is shared between your health and your magic reserves.
You regenerate magic rapidly.
Spells you cast may paralyse adjacent enemies.
You punish those that try to bend your will. (Will+)


Message History

The death yak gores you!
You hit the death yak but do no damage. You barely miss the river rat.
The river rat completely misses you. The death yak barely misses you. x2
The river rat barely misses you.
You hit the death yak but do no damage. You slash the river rat!
You freeze the river rat.
You kill the river rat!
Qazlal accepts your kill.
You can now call upon nature to destroy your foes.
The death yak closely misses you.
You barely miss the death yak. The death yak closely misses you.
You slash the death yak! You freeze the death yak. You headbutt the death yak!
The death yak is moderately wounded.
The death yak barely misses you.
You hit the death yak. You freeze the death yak.
The death yak is moderately wounded.
The death yak gores you!
You hit the death yak. You freeze the death yak.
The death yak is moderately wounded.
The death yak gores you but does no damage. x2
You slash the death yak! You freeze the death yak. You headbutt the death yak.
The death yak is severely wounded.
You block the death yak's attack.
You hit the death yak but do no damage. You headbutt the death yak!!
The death yak is almost dead.
The death yak gores you.
You barely miss the death yak.
The death yak is almost dead.
The death yak gores you!
* * * LOW HITPOINT WARNING * * *
You hit the death yak but do no damage.
The death yak is almost dead.
The death yak gores you!
* * * LOW HITPOINT WARNING * * *
You slash the death yak! You freeze the death yak.
The death yak is almost dead.
The death yak gores you!
* * * LOW HITPOINT WARNING * * *
The death yak gores you!
You die...

#.##.....#
..###....#
..##...###
.........####
#####.......##
#........#
#####........#
......†......######
...............[@[#
...............)§Y#
.................##
.................#
.......#...#+#..##
......##...+_+..#
##.........#'#..#
##............##
#.###.........#


You could see a death yak.

Vanquished Creatures
  Pikel (D:6)
  Joseph (D:7)
  A hornet (D:7)
  Sigmund (D:4)
  A yak (D:5)
  Eustachio (D:4)
  Edmund (D:4)
  A water moccasin (D:5)
  Duvessa (D:4)
  2 orc warriors
  3 sky beasts
  3 black bears (D:6)
  An ogre (D:5)
  A centaur (D:5)
  A lemure (D:6)
  A phantom (D:5)
  A bullfrog (D:7)
  3 scorpions
  Dowan (D:4)
  5 killer bees (D:7)
  2 jellies
  4 howler monkeys
  A hound (D:5)
  An orc priest (D:6)
  A gnoll bouda (D:4)
  6 iguanas
  Ijyb (D:3)
  Jessica (D:2)
  8 orc wizards
  12 gnolls
  2 river rats (D:7)
  10 adders
  A shadow imp (D:6)
  A white imp (D:6)
  An ufetubus (D:4)
  A worm (D:2)
  3 dart slugs
  11 orcs
  8 ball pythons
  9 bats
  6 endoplasms
  3 giant cockroaches
  6 hobgoblins
  7 jackals
  2 quokkas (D:1)
  A frilled lizard (D:3)
  10 goblins
  9 kobolds
  6 rats
165 creatures vanquished.

Vanquished Creatures (collateral kills)
  A wyvern (D:7)
  A hell rat (D:7)
2 creatures vanquished.

Grand Total: 167 creatures vanquished

Notes
Turn   | Place    | Note
-------+----------+-------------------------------------------
     0 | D:1      | jlumianski the Demonspawn Fighter began the quest for the
                  | Orb.
     0 | D:1      | Reached XP level 1. HP: 18/18 MP: 1/1
    96 | D:1      | Gained mutation: You have a pair of small horns on your
                  | head. [demonic ancestry]
    96 | D:1      | Reached XP level 2. HP: 20/24 MP: 2/2
   221 | D:1      | Reached skill level 2 in Axes
   259 | D:1      | Gained mutation: You regenerate magic rapidly. [demonic
                  | ancestry]
   259 | D:1      | Reached XP level 3. HP: 18/29 MP: 3/3
   580 | D:4      | Noticed Ijyb
   581 | D:4      | Noticed a scorpion
   588 | D:3      | Killed Ijyb
   589 | D:3      | Gained mutation: You have a pair of horns on your head.
                  | [demonic ancestry]
   589 | D:3      | Reached XP level 4. HP: 33/35 MP: 4/4
  1113 | D:2      | Noticed Jessica
  1118 | D:2      | Killed Jessica
  1119 | D:2      | Reached skill level 3 in Axes
  1312 | D:2      | Found Dusul's Armour Shop.
  1385 | D:2      | Found Vinoiq's Magic Scroll Shop.
  1389 | D:2      | Bought a scroll of teleportation for 33 gold pieces
  1526 | D:2      | Found Uhiroj's Book Emporium.
  1535 | D:2      | Reached XP level 5. HP: 42/42 MP: 5/5
  1559 | D:2      | Found Kiostrorawn's General Store.
  1627 | D:3      | Found Cihyuhit's Antique Weapon Shop.
  2233 | D:3      | Found a broken altar of Ashenzari.
  2344 | D:3      | Found a sacrificial altar of Ru.
  2429 | D:3      | Found a transporter.
  2431 | D:3      | Noticed VictoriousLee's ghost (amateur DrRe)
  2434 | D:3      | Noticed a phantom
  2461 | D:3      | Found a transporter.
  2564 | D:3      | Reached skill level 4 in Axes
  2564 | D:3      | Gained mutation: Spells you cast may paralyse adjacent
                  | enemies. [demonic ancestry]
  2564 | D:3      | Reached XP level 6. HP: 39/48 MP: 6/6
  2778 | D:4      | Found a staircase to the Ecumenical Temple.
  2788 | Temple   | Entered the Ecumenical Temple
  2819 | Temple   | Became a worshipper of Qazlal Stormbringer
  3101 | D:4      | Noticed Duvessa
  3122 | D:4      | Noticed Dowan
  3126 | D:4      | Killed Duvessa
  3127 | D:4      | Reached skill level 1 in Invocations
  3127 | D:4      | Gained mutation: You are partially covered in thin metallic
                  | scales. (AC +2) [demonic ancestry]
  3127 | D:4      | Reached XP level 7. HP: 34/55 MP: 6/8
  3140 | D:4      | Killed Dowan
  3355 | D:5      | Entered Level 5 of the Dungeon
  3361 | D:5      | Found a basalt altar of Yredelemnul.
  3362 | D:5      | Found a transporter.
  3363 | D:5      | Noticed Menkaure
  3365 | D:5      | Found an ancient bone altar of Kikubaaqudgha.
  3367 | D:5      | Noticed a wraith
  3450 | D:3      | Bought a broad axe for 88 gold pieces
  3573 | D:4      | Noticed Eustachio
  3593 | D:4      | Killed Eustachio
  3634 | D:5      | Reached skill level 5 in Axes
  3642 | D:5      | Found an iron altar of Okawaru.
  3650 | D:5      | Reached skill level 1 in Dodging
  3786 | D:5      | Found a transporter.
  3864 | D:5      | Reached skill level 5 in Armour
  3924 | D:5      | Gained mutation: When hurt, damage is shared between your
                  | health and your magic reserves. [demonic ancestry]
  3924 | D:5      | Reached XP level 8. HP: 61/61 MP: 10/10
  4012 | D:6      | Reached skill level 5 in Fighting
  4407 | D:6      | Reached skill level 6 in Axes
  4822 | D:4      | Noticed Sigmund
  4830 | D:4      | Killed Sigmund
  4849 | D:4      | Noticed Edmund
  4859 | D:4      | Killed Edmund
  4968 | D:5      | Reached skill level 5 in Invocations
  4968 | D:5      | Gained mutation: You have a pair of large horns on your
                  | head. [demonic ancestry]
  4968 | D:5      | Reached XP level 9. HP: 68/68 MP: 12/12
  5947 | D:2      | Bought a scroll of brand weapon for 104 gold pieces
  6352 | D:6      | Reached * piety under Qazlal
  6353 | D:6      | Reached skill level 7 in Axes
  6428 | D:6      | Found a shadowy altar of Dithmenos.
  6546 | D:7      | Noticed Pikel
  6576 | D:6      | Killed Pikel
  6995 | D:7      | Noticed Joseph
  7001 | D:7      | Killed Joseph
  7031 | D:7      | Found a hide-covered altar of Uskayaw.
  7301 | D:7      | Gained mutation: You punish those that try to bend your
                  | will. (Will+) [demonic ancestry]
  7301 | D:7      | Reached XP level 10. HP: 68/77 MP: 14/14
  7328 | D:8      | Paralysed by a hornet for 2 turns
  7328 | D:8      | Noticed a death yak
  7337 | D:7      | HP: 3/73 [wyvern (9)]
  7339 | D:7      | Reached skill level 8 in Axes
  7542 | D:7      | Paralysed by a hornet for 2 turns
  7557 | D:8      | Noticed a death yak
  7564 | D:8      | Noticed a death yak
  7572 | D:7      | Reached ** piety under Qazlal
  7581 | D:7      | HP: 2/79 [death yak (11)]
  7581 | D:7      | Demolished by a death yak

Illustrated notes

Levels and vault maps discovered:
D:1:      nzn_arrival_depleted_hourglass, layout_rooms
D:2:      layout_loops_ring, serial_shops, shop, nicolae_shop_trees, shop,
          nicolae_shop_behind_doors, uniq_jessica
D:3:      layout_basic, mainiacjoe_overflow_catwalk, evilmike_ruin_ashenzari,
          gammafunk_ghost_mausoleum, serial_shops,
          nicolae_shop_tiny_real_fake_doors, minmay_pentomino_pile
D:4:      layout_rooms, mainiacjoe_overflow_brackets,
          minmay_temple_entry_arrows, grunt_ministairs_10,
          sigmund_edmund_badplayer, uniq_eustachio, uniq_duvessa, uniq_ijyb
D:5:      layout_layer_cave, old_standard_altar, gammafunk_temple_of_torment
D:6:      minmay_chambers_of_threes, layout_basic, lemuel_doored_altar
D:7:      layout_cave_pools, nemelex_dance_club_becter, kennysheep_mini_moat,
          minmay_holes, uniq_pikel, uniq_joseph, uniq_prince_ribbit1,
          uniq_crazy_yiuf_cottage, uniq_maggie
D:8:      layout_cave_pools, dpeg_lair_monsters, enter_bailey_3
Temple:   ebering_untended_altars

Skill      XL: |  1  2  3  4  5  6  7  8  9 10 |
---------------+-------------------------------+-----
Axes           | 2 3 4 5 6 7 8 |  8.1
Armour         | 3 4 5 6 |  6.9
Shields        | 3 4 |  4.7
Fighting       | 4 5 6 7 |  7.0
Invocations    | 1 3 5 6 |  6.8
Dodging        | 1 2 |  2.2
Throwing       | |  0.9
Evocations     | |  0.1

Action                     |  1- 3 |  4- 6 |  7- 9 | 10-12 || total
---------------------------+-------+-------+-------+-------++-------
  Melee: War axe           |    64 |   193 |    20 |       ||   277
         Headbutt          |     4 |    31 |    54 |     5 ||    94
         Broad axe         |       |       |   264 |    26 ||   290
  Throw: Dart              |       |     3 |       |       ||     3
         Boomerang         |       |     1 |     3 |     2 ||     6
  Evoke: Wand              |     1 |     2 |     1 |     1 ||     5
    Use: Potion            |       |       |     4 |     1 ||     5
         Scroll            |       |       |    13 |       ||    13
   Stab: Paralysed         |       |       |       |     1 ||     1
 Armour: Scale mail        |    47 |    15 |       |       ||    62
         Chain mail        |       |   102 |   227 |    24 ||   353
  Dodge: Dodged            |    42 |    92 |   134 |    27 ||   295
  Block: Buckler           |    17 |    65 |   102 |    12 ||   196
